 Dungeon Crawl Stone Soup version 0.31.0-11-ge490571c62 (webtiles) character file.

Game seed: 6511034403783119703

69 Esekla the Slasher (level 4, -2/38 HPs)
             Began as a Barachi Cinder Acolyte on Jan 27, 2024.
             Was a High Priest of Ignis.
             Slain by a scorpion (5 damage)
             ... on level 3 of the Dungeon.
             The game lasted 00:09:24 (2035 turns).

Esekla the Slasher (Barachi Cinder Acolyte)         Turns: 2035, Time: 00:09:25

Health: -2/38      AC:  3    Str: 16    XL:     4   Next: 20%
Magic:  1/6        EV: 11    Int: 16    God:    Ignis [*****.]
Gold:   186        SH:  0    Dex:  7    Spells: 4/6 levels left

rFire   + . .        a - -1 falchion (flame)
rCold   . . .        (no shield)
rNeg    . . .        b - +0 robe
rPois   .            (no helmet)
rElec   .            (no cloak)
rCorr   .            j - +0 pair of gloves
SInv    .            (no boots)
Will    .....        (no amulet)
Stlth   +            (no ring)
HPRegen 0.26/turn    (no ring)
MPRegen 0.10/turn

%: no passive effects
@: unable to hop, slow
A: amphibious, slowness 1, strong legs 1, +LOS
a: Hop, Renounce Religion, Fiery Armour, Foxfire Swarm, Rising Flame


You were on level 3 of the Dungeon.
You worshipped Ignis.
Ignis was extremely pleased with you.
You visited 1 branch of the dungeon, and saw 3 of its levels.

You collected 186 gold pieces.

Inventory:

Hand Weapons
 a - a -1 falchion of flaming (weapon)
 g - a +0 dagger
Missiles
 h - 9 poisoned darts (quivered)
Armour
 b - a +0 robe (worn)
 j - a +0 pair of gloves (worn)
Scrolls
 e - a scroll of vulnerability {unknown}
 f - a scroll of acquirement {unknown}
 i - a scroll of immolation {unknown}
 k - 4 scrolls of identify {unknown}
 m - 2 scrolls of teleportation {unknown}
 n - a scroll of fog {unknown}
 o - a scroll of enchant armour {unknown}
Potions
 c - a potion of curing
 d - 2 potions of enlightenment {unknown}
 l - 2 potions of mutation {unknown}


   Skills:
 * Level 4.4 Fighting
 * Level 4.8 Long Blades
 + Level 0.3 Dodging
 * Level 1.6 Spellcasting
 + Level 3.5 Fire Magic


You had 4 spell levels left.
You knew the following spells:

 Your Spells              Type           Power      Damage    Failure   Level
o - Scorch                Fire           24%        2d6       8%          2

Your spell library contained the following spells:

 Spells                   Type           Power      Damage    Failure   Level
 Gell's Gravitas          Tloc           1%         N/A       54%         3
 Teleport Other           Tloc           1%         N/A       54%         3
 Dispersal                Tloc           0%         N/A       100%        6


Dungeon Overview and Level Annotations

Branches:
Dungeon (3/15)

Altars:


Innate Abilities, Weirdness & Mutations

You are amphibious.
You cover ground slowly.
You can hop short distances.
You have an extended range of vision and can be seen from far away.


Message History

You feel sick. The scorpion stings you.
You are lethally poisoned!
The scorpion poisons you!
You hit the scorpion. You burn the scorpion.
The scorpion is almost dead.
* * * LOW HITPOINT WARNING * * *
You feel very sick. The scorpion stings you.
* * * LOW HITPOINT WARNING * * *
It was a potion of curing.
You feel better.
The scorpion stings you but does no damage.
The scorpion stings you!
* * * LOW HITPOINT WARNING * * *
You hit the scorpion but do no damage.
The scorpion is almost dead.
The scorpion barely misses you.
You closely miss the scorpion.
The scorpion is almost dead.
The scorpion is no longer more vulnerable to fire.
The scorpion stings you.
* * * LOW HITPOINT WARNING * * *
Your magical contamination has completely faded away.
You barely miss the scorpion.
The scorpion is almost dead.
The scorpion stings you but does no damage.
Hop to where?
Press: ? - help, Dir - move target Boing!
You barely miss the scorpion.
The scorpion is almost dead.
The scorpion stings you.
* * * LOW HITPOINT WARNING * * *
You feel better. The scorpion stings you.
* * * LOW HITPOINT WARNING * * *
You closely miss the scorpion. You punch the scorpion.
The scorpion is almost dead.
The scorpion stings you.
* * * LOW HITPOINT WARNING * * *
The scorpion stings you.
You die...

.# ##.## .###...##
.##.....###########
.#................##
...................#
#........#.#####.#.#
#..........#.. #.#.#
#..#...##..#.# #.#.#
#..##..###.#.# #@#.#
#..###.# #.#.###s#.#
...###.###.#.....#)#
.........#######.#
####.#...........#
##.........##
###########


You could see a scorpion.

Vanquished Creatures
  2 adders
  3 dart slugs
  2 ribbon worms (D:2)
  An orc (D:3)
  4 ball pythons
  2 bats (D:2)
  5 endoplasms
  2 giant cockroaches
  2 goblins
  4 hobgoblins (D:1)
  2 jackals (D:1)
  A quokka (D:1)
  3 frilled lizards
  A kobold (D:3)
  4 rats
38 creatures vanquished.

Notes
Turn   | Place    | Note
-------+----------+-------------------------------------------
     0 | D:1      | Esekla the Barachi Cinder Acolyte began the quest for the
                  | Orb.
     0 | D:1      | Reached XP level 1. HP: 18/18 MP: 2/2
   458 | D:1      | Reached XP level 2. HP: 25/25 MP: 3/3
   489 | D:1      | Learned a level 2 spell: Scorch
   752 | D:1      | Reached XP level 3. HP: 27/30 MP: 0/4
  1348 | D:2      | You fall into a shaft and drop 1 floor!
  1764 | D:2      | Reached XP level 4. HP: 38/38 MP: 3/6
  2018 | D:3      | Noticed a scorpion
  2035 | D:3      | Slain by a scorpion

Illustrated notes

Levels and vault maps discovered:
D:1:      nicolae_arrival_somewhat_less_tricky_arrival, layout_basic,
          reono_crystal_passage
D:2:      layout_basic
D:3:      layout_loops_ring, serial_shops, nicolae_shop_rolled_up

Skill      XL: |  1  2 |
---------------+-------+-----
Long Blades    | 4 |  4.8
Fighting       | 4 |  4.4
Dodging        | |  0.3
Spellcasting   | |  1.6
Fire Magic     | |  3.5

Action                     |  1- 3 |  4- 6 || total
---------------------------+-------+-------++-------
  Melee: Falchion          |   127 |    12 ||   139
         Punch             |       |     1 ||     1
   Cast: Scorch            |     9 |     5 ||    14
Ability: Hop               |       |     1 ||     1
    Use: Potion            |       |     2 ||     2
 Armour: Robe              |    71 |    13 ||    84
  Dodge: Dodged            |    69 |     9 ||    78
